 Dungeon Crawl Stone Soup version 0.23.1-37-gaa34b87 (webtiles) character file.

Game seed: 282267146633966491

213 Borgoz the Skirmisher (level 5, -1/46 HPs)
             Began as a Ghoul Monk on Mar 21, 2019.
             Slain by a water moccasin (2 damage)
             ... on level 3 of the Dungeon.
             The game lasted 00:04:01 (2217 turns).

Borgoz the Skirmisher (Ghoul Monk)                  Turns: 2217, Time: 00:04:02

Health: -1/46      AC:  7    Str: 15    XL:     5   Next: 90%
Magic:  4/4        EV: 11    Int:  6    God:
Gold:   93         SH:  0    Dex: 11    Spells: 4/4 levels left

rFire    + . .     SeeInvis .   a - +0 short sword
rCold    + . .     Gourm    .   (no shield)
rNeg     + + +     Faith    .   b - +2 ring mail {rF+}
rPois    ∞         Spirit   .   (no helmet)
rElec    .         Reflect  .   (no cloak)
rCorr    .         Harm     .   (no gloves)
MR       .....                  (no boots)
Stlth    ++........             (no amulet)
HPRegen  0.00/turn              (no ring)
MPRegen  0.09/turn              (no ring)

@: flying, rotting
A: rotting body, claws 1, carnivore, cold resistance 1, negative energy
resistance 3, inhibited regeneration, torment resistance, unbreathing
a: no special abilities


You were on level 3 of the Dungeon.
You were not hungry.

You visited 1 branch of the dungeon, and saw 3 of its levels.

You collected 93 gold pieces.

Inventory:

Hand Weapons
 a - a +0 short sword (weapon)
Armour
 b - a +2 ring mail of fire resistance (worn)
 d - a +0 scale mail
 k - a +2 chain mail of cold resistance
Scrolls
 g - a scroll of magic mapping
 h - a scroll of identify
 i - 2 scrolls of remove curse
Potions
 e - a potion of magic
Comestibles
 c - 4 rations
 f - 8 chunks of flesh


   Skills:
 + Level 4.0 Fighting
 * Level 3.7 Short Blades
 * Level 2.5 Armour
 + Level 3.2 Dodging
 + Level 3.3 Stealth


You had 4 spell levels left.
You didn't know any spells.
Your spell library was empty.

Dungeon Overview and Level Annotations

Branches:
Dungeon (3/15)

Altars:
Ru


Innate Abilities, Weirdness & Mutations

Your body is rotting away.
You thrive on raw meat.
You are immune to poison.
You have sharp fingernails.
You are carnivorous and can eat meat at any time.
Your flesh is cold resistant. (rC+)
You are immune to negative energy. (rN+++)
You do not regenerate when monsters are visible.
You are immune to unholy pain and torment.
You can survive without breathing.


Message History

You are too injured to fight recklessly!
You are too injured to fight recklessly!
You are too injured to fight recklessly!
You are too injured to fight recklessly!
Okay, then.
As you read the scroll labeled BAFOEBRIDETT, it crumbles to dust.
You feel aware of your surroundings.
It was a scroll of magic mapping.
The water moccasin barely misses you.
As you read the scroll labeled IPTOKI WYJESCH, it crumbles to dust.
It is a scroll of identify.
i - 2 scrolls of remove curse The water moccasin bites you but does no damage.
The water moccasin bites you.
* * * LOW HITPOINT WARNING * * *
The water moccasin bites you.
* * * LOW HITPOINT WARNING * * *
You hit the water moccasin.
The water moccasin is moderately wounded.
The water moccasin bites you.
You die...

*,,,,,,,,*,**#.#..#.####...≈#
*,,,,,,,,,,*##.#..#)####...≈#**
*,*,,##.#####........).#...≈#,,
*,*,,................).#...≈#,,
*,,>,..................#≈≈≈≈#,,
*,*,*##.#####..........#####'g.
*,*,* #.###*#..................
*,,,**#....##.....'#####.......
*,,,+,+....'.S@...#≈≈≈≈#.......
*,,,**#....##.....#≈.,,#.......
*,,,#....##*#.....#≈,,,#.......
*,,,..##,**,......#≈,,,#.......
*,,,.,**,**####+..#≈,,,#.......
*,,,,,**,*≈≈≈≈≈*..#****'.......
***+***,**,*,,,,≈*[...,,,g.......
*,,,,**,**,*,,,,≈*....,,,,,,,,,,,
*,,,,**,**,*,,,,≈*,,,,,,,,,,,,,,,


You could see a water moccasin.

Vanquished Creatures
  A worker ant (D:2)
  Natasha (thrice) (D:2)
  4 gnolls
  3 adders (D:2)
  An ooze (D:2)
  A dart slug (D:2)
  3 leopard geckos
  4 bats
  3 giant cockroaches (D:1)
  5 goblins
  2 hobgoblins (D:1)
  2 jackals (D:2)
  A frilled lizard (D:1)
  7 kobolds
  7 rats
47 creatures vanquished.

Notes
Turn   | Place    | Note
-------+----------+-------------------------------------------
     0 | D:1      | Borgoz the Ghoul Monk began the quest for the Orb.
     0 | D:1      | Reached XP level 1. HP: 19/19 MP: 0/0
   160 | D:1      | Reached XP level 2. HP: 24/26 MP: 1/1
   330 | D:1      | Reached skill level 1 in Armour
   624 | D:2      | Reached XP level 3. HP: 31/31 MP: 2/2
   910 | D:2      | Found a sacrificial altar of Ru.
  1008 | D:2      | Reached XP level 4. HP: 30/40 MP: 3/3
  1213 | D:2      | Noticed Natasha
  1232 | D:2      | Killed Natasha
  1232 | D:2      | Reached XP level 5. HP: 21/45 MP: 4/4
  1274 | D:2      | Noticed Natasha
  1291 | D:2      | HP: 2/46 [white imp/puff of frost[Natasha] (4)]
  1306 | D:2      | Killed Natasha
  1390 | D:2      | Noticed Natasha
  1401 | D:2      | Killed Natasha
  1625 | D:3      | Reached skill level 4 in Fighting
  1671 | D:2      | HP: 1/46 [ooze (3)]
  2203 | D:3      | Noticed a water moccasin
  2214 | D:3      | HP: 2/46 [water moccasin (4)]
  2217 | D:3      | Slain by a water moccasin

Skill      XL: |  1  2  3  4  5 |
---------------+----------------+-----
Armour         | 1 2 |  2.5
Short Blades   | 3 |  3.7
Dodging        | 3 |  3.2
Stealth        | 3 |  3.3
Fighting       | 4 |  4.0

Action                   |  1- 3 |  4- 6 || total
-------------------------+-------+-------++-------
Melee: Short sword       |   169 |   119 ||   288
  Use: Potion            |       |     4 ||     4
       Scroll            |       |     2 ||     2
  Eat: Chunk             |     5 |     3 ||     8
Armor: Scale mail        |    85 |       ||    85
       Ring mail         |     6 |    49 ||    55
Dodge: Dodged            |   102 |    77 ||   179
